Map: [EWC] Goldenaura

Players

Maru

  • Race: Terran Terran
  • Spawn Location: 12:00

Serral - Winner!

  • Race: Zerg Zerg
  • Spawn Location: 5:00

Event: Esports World Cup 2024

VOD

Have the link to the VOD?

Description

Time

  • Played on: Aug. 16, 2024, 3:21 p.m.
  • Length: 18:45

All games in this series

Show
View Real Time Build Order
Export as new Build Order

Maru Terran 

Build Orders: Reaper Expand, Hellion Banshee 

Get SALT Encoding   

  12  0:00  SCV  
  13  0:12  SCV  
  14  0:17  Supply Depot  
  14  0:24  SCV  
  15  0:38  SCV  
  15  0:40  Barracks  
  16  0:43  Refinery  
  16  0:51  SCV  
  17  1:03  SCV  
  18  1:15  SCV  
  19  1:27  Orbital Command, Reaper  
  20  1:39  Command Center  
  20  1:48  Supply Depot  
  20  1:52  SCV  
  21  1:59  Marine  
  22  2:05  SCV  
  23  2:12  Factory  
  23  2:17  SCV  
  25  2:24  Barracks Reactor  
  25  2:29  SCV  
  25  2:39  Command Center  
  25  2:41  SCV  
  26  2:51  Orbital Command  
  26  2:53  SCV  
  27  3:00  Starport  
  27  3:05  SCV  
  28  3:06  Refinery  
  28  3:12  Hellion x2  
  32  3:16  SCV  
  32  3:18  Barracks Tech Lab  
  32  3:19  SCV  
  34  3:28  SCV  
  34  3:31  SCV  
  34  3:34  Hellion x2  
  40  3:38  Viking  
  42  3:42  SCV  
  42  3:43  SCV  
  42  3:47  Marine  
  45  3:54  SCV  
  45  3:55  SCV  
  47  3:57  Hellion x2  
  47  3:58  Orbital Command  
  51  4:06  SCV  
  53  4:12  SCV  
  53  4:19  Supply Depot, Barracks Tech Lab, SCV  
  53  4:23  Banshee  
  53  4:24  SCV  
  58  4:25  SCV  
  59  4:31  SCV  
  59  4:33  Barracks  
  59  4:34  Barracks, Factory Reactor  
  59  4:36  SCV  
  61  4:41  SCV  
  61  4:44  SCV  
  63  4:45  Engineering Bay  
  63  4:48  Refinery  
  63  4:51  Supply Depot, Orbital Command, Engineering Bay  
  63  4:53  SCV  
  63  4:54  Marine, Stimpack  
  63  4:56  SCV  
  66  5:05  SCV  
  67  5:08  SCV  
  68  5:14  Terran Infantry Weapons Level 1, Barracks  
  68  5:15  Barracks  
  68  5:16  Starport Reactor, Refinery  
  68  5:17  SCV x2  
  68  5:20  SCV, Marine, Terran Infantry Armor Level 1  
  68  5:21  Marine  
  73  5:27  Siege Tank  
  76  5:29  SCV  
  76  5:31  Supply Depot  
  76  5:35  SCV x2, Marine x3  
  82  5:37  Supply Depot  
  82  5:38  Marine  
  82  5:41  SCV  
  84  5:43  Marine  
  84  5:48  Supply Depot  
  84  5:49  Supply Depot  
  85  5:52  SCV x2  
  85  5:53  SCV  
  88  5:59  Marine x2  
  88  6:00  Medivac  
  88  6:01  Medivac  
  94  6:04  SCV x2, Barracks Reactor x2  
  94  6:09  Siege Tank  
  99  6:12  Supply Depot, SCV  
  99  6:15  Marine  
  99  6:16  SCV, Marine  
  99  6:17  SCV  
  104  6:24  SCV  
  104  6:25  Marine x3  
  106  6:26  Refinery  
  106  6:27  Supply Depot  
  106  6:28  SCV  
  106  6:29  SCV  
  110  6:33  Marine  
  110  6:34  Marine  
  110  6:35  Medivac x2  
  110  6:36  SCV  
  117  6:43  SCV, Marine x2  
  117  6:46  SCV  
  121  6:48  Supply Depot x2  
  121  6:49  Combat Shield, Siege Tank  
  121  6:50  Marine  
  121  6:51  Marine  
  126  7:00  Marine  
  128  7:01  SCV, Refinery  
  128  7:03  Command Center  
  128  7:05  Medivac x2  
  128  7:07  SCV  
  133  7:10  SCV, Marine  
  130  7:15  Marine  
  130  7:16  Marine x4  
  130  7:18  Armory  
  135  7:23  SCV  
  136  7:30  Marine  
  136  7:31  SCV x2  
  136  7:36  Factory  
  139  7:38  SCV  
  139  7:42  Supply Depot, Sensor Tower  
  139  7:43  SCV  
  141  7:44  SCV  
  141  7:46  Siege Tank, Barracks  
  141  7:48  Barracks  
  141  7:49  Barracks  
  141  7:51  Medivac x2  
  149  7:58  Supply Depot x2  
  149  8:02  Supply Depot  
  149  8:03  Marine  
  149  8:04  Marine x2  
  149  8:05  Supply Depot, Marauder  
  154  8:09  Drilling Claws  
  154  8:11  Terran Infantry Armor Level 2, Terran Infantry Weapons Level 2  
  154  8:18  Command Center  
  154  8:20  SCV x2  
  152  8:29  Siege Tank, Factory Reactor  
  152  8:30  SCV  
  152  8:32  SCV  
  152  8:33  SCV  
  158  8:36  Barracks Tech Lab x2, Marine, Marauder  
  158  8:37  Barracks Tech Lab  
  158  8:39  Medivac x2  
  165  8:42  SCV  
  165  8:45  SCV, Sensor Tower  
  165  8:46  Marine  
  168  8:49  SCV  
  168  8:54  SCV  
  168  8:55  Marine x2, Refinery  
  170  8:56  Marine x2, Refinery, Marauder x2  
  170  8:57  Concussive Shells, Marauder  
  170  9:00  Marauder  
  170  9:01  Marine x3  
  185  9:04  Widow Mine  
  185  9:07  Planetary Fortress  
  187  9:17  Marauder  
  187  9:18  Marauder  
  187  9:19  Marauder  
  187  9:20  Widow Mine x2  
  187  9:21  Marauder  
  196  9:24  Terran Vehicle And Ship Armor Level 1  
  196  9:26  Command Center, Widow Mine  
  198  9:31  Marine  
  198  9:32  Marine  
  200  9:44  Command Center  
  200  9:49  Ghost Academy  
  200  9:56  Barracks  
  197  10:11  SCV x2  
  197  10:13  Widow Mine x3  
  190  10:18  SCV, Ghost  
  190  10:19  Ghost x2, Personal Cloaking  
  190  10:20  Ghost  
  196  10:27  Planetary Fortress  
  181  10:36  Widow Mine x3  
  181  10:41  Terran Infantry Weapons Level 3  
  183  10:47  Ghost x2  
  187  10:50  Barracks Tech Lab  
  187  10:52  Command Center  
  187  10:54  Command Center  
  187  10:55  Ghost x2  
  191  10:57  Widow Mine  
  191  11:00  Widow Mine x2  
  196  11:15  Ghost  
  196  11:16  Marine x2, Ghost x2  
  174  11:19  SCV x3  
  174  11:22  Marine  
  174  11:23  Marine  
  174  11:24  Ghost  
  168  11:30  Marine x3  
  168  11:31  SCV x3  
  144  11:43  SCV x2  
  144  11:45  SCV  
  132  11:48  Ghost  
  132  11:49  Marine x7  
  132  11:50  Marine  
  132  11:53  SCV  
  136  11:55  SCV x2  
  136  11:57  SCV  
  136  12:00  Marine  
  136  12:01  Marine, Marauder x2  
  145  12:04  Widow Mine x3  
  145  12:05  SCV  
  145  12:07  SCV x2, Marine  
  145  12:08  Marine  
  155  12:09  SCV  
  155  12:18  Marauder  
  155  12:19  SCV x2  
  155  12:21  SCV  
  160  12:25  Widow Mine x2  
  160  12:27  Planetary Fortress  
  160  12:28  Marine x2  
  160  12:29  Marine x3  
  169  12:31  SCV x2  
  169  12:34  SCV  
  172  12:38  Marauder  
  172  12:40  Supply Depot  
  172  12:43  SCV  
  175  12:48  Marauder  
  175  12:49  Marine  
  175  12:50  Marine x2  
  180  12:57  SCV  
  181  12:59  Marauder x2  
  181  13:04  Widow Mine  
  187  13:09  SCV  
  182  13:21  Marine x2  
  182  13:22  Marauder x2  
  158  13:29  Marine x3  
  158  13:30  Marine x2, Marauder x3  
  158  13:34  Widow Mine x2  
  158  13:37  Marine  
  158  13:39  Marine x2, Medivac x2  
  169  13:43  Marauder x2, Widow Mine  
  169  13:47  Marine x2  
  177  13:49  Supply Depot, Refinery  
  177  13:51  Marauder x3  
  183  13:56  Widow Mine  
  183  13:57  Marine  
  183  13:58  Marine x2  
  183  13:59  Widow Mine  
  190  14:04  Marauder, Widow Mine  
  194  14:17  Widow Mine  
  194  14:21  Widow Mine  
  196  14:26  Widow Mine  
  194  14:34  Command Center  
  194  14:35  Missile Turret  
  194  14:36  Command Center  
  194  14:38  Widow Mine  
  194  14:42  Widow Mine  
  189  14:59  Ghost x4  
  163  15:00  Ghost  
  163  15:01  Marine x5  
  163  15:02  Marine x2  
  163  15:05  Medivac  
  163  15:07  Marine  
  181  15:19  Marine  
  181  15:20  Widow Mine  
  184  15:28  Marauder  
  184  15:29  Marauder  
  184  15:30  Widow Mine x2  
  185  15:40  Ghost x2  
  185  15:41  Marine x7  
  127  15:50  Marine x2, Marauder  
  127  15:51  Marauder  
  133  15:59  Marine x2  
  133  16:00  Widow Mine x3  
  141  16:05  Marine x3  
  141  16:08  Marauder  
  141  16:09  Marauder x2  
  144  16:20  Orbital Command  
  144  16:21  Widow Mine x2  
  144  16:22  Widow Mine  
  144  16:31  Marine x2, Marauder  
  148  16:35  Marauder  
  146  16:43  Widow Mine  
  136  16:55  Marine, Marauder x4  
  136  16:57  Marauder  
  147  17:07  Liberator x2  
  147  17:08  Marine  
  154  17:15  SCV, Ghost x2  
  155  17:16  SCV x2, Marauder  
  163  17:36  Ghost x2  
  167  17:37  Marine x3  
  167  17:39  Widow Mine  
  160  17:47  Marine x2  
  160  17:48  Marauder x2  
  122  17:52  Marine x2, Marauder  
  124  18:01  Planetary Fortress  
  124  18:05  Marine x2  
  126  18:17  Widow Mine  
  126  18:18  SCV x2  
  130  18:27  Marine x2  
Show
View Real Time Build Order
Export as new Build Order

Serral Zerg - Winner!

Build Orders: Hatch First 

Get SALT Encoding   

  12  0:00  Drone  
  13  0:12  Overlord  
  13  0:17  Drone  
  14  0:30  Drone x2  
  16  0:48  Hatchery  
  15  0:51  Drone  
  15  0:56  Drone  
  17  0:58  Drone  
  18  1:09  Extractor  
  17  1:14  Spawning Pool  
  17  1:17  Drone  
  17  1:20  Drone  
  18  1:27  Drone  
  19  1:39  Drone  
  20  1:49  Drone  
  21  2:00  Queen  
  21  2:01  Zergling x4, Queen  
  27  2:10  Overlord  
  27  2:11  Drone  
  28  2:22  Hatchery  
  27  2:25  Drone  
  27  2:29  Drone  
  29  2:32  Drone  
  29  2:36  Drone  
  31  2:41  Queen  
  33  2:45  Overlord  
  33  2:49  Drone  
  34  2:53  Drone x2  
  36  3:03  Overlord  
  36  3:07  Drone  
  36  3:10  Drone x3  
  40  3:15  Drone  
  40  3:17  Drone  
  42  3:20  Queen  
  42  3:24  Queen  
  46  3:28  Roach Warren  
  46  3:29  Drone  
  46  3:32  Drone  
  47  3:35  Overlord  
  47  3:36  Drone  
  48  3:43  Queen  
  48  3:44  Drone x2  
  48  3:47  Overlord  
  52  3:50  Drone x2  
  52  3:52  Drone  
  55  3:59  Drone x3  
  58  4:02  Overlord  
  58  4:07  Drone x3  
  58  4:09  Overlord  
  61  4:13  Drone x2  
  61  4:16  Drone x2  
  65  4:21  Overlord  
  65  4:22  Roach  
  69  4:24  Roach  
  69  4:26  Roach  
  69  4:29  Roach  
  69  4:31  Lair  
  73  4:35  Roach x3  
  73  4:38  Drone  
  80  4:41  Spore Crawler  
  80  4:42  Spore Crawler, Drone  
  79  4:48  Drone x2  
  79  4:49  Extractor  
  80  4:53  Drone x3  
  80  4:59  Hatchery  
  82  5:00  Drone x5  
  82  5:06  Drone  
  88  5:10  Drone x2  
  88  5:12  Evolution Chamber  
  88  5:13  Evolution Chamber  
  88  5:16  Drone x2, Extractor  
  88  5:17  Overlord x2, Extractor  
  88  5:19  Extractor  
  87  5:21  Drone  
  87  5:25  Drone  
  87  5:26  Drone  
  90  5:30  Overseer  
  90  5:31  Glial Reconstitution  
  90  5:34  Overlord  
  90  5:36  Drone, Extractor  
  90  5:37  Drone x6  
  96  5:45  Drone x4  
  96  5:46  Zerg Ground Armor Level 1  
  96  5:47  Overlord x2  
  100  5:50  Roach  
  100  5:53  Zerg Melee Weapons Level 1  
  100  5:56  Overseer  
  102  5:58  Drone x3  
  105  6:08  Drone x5  
  105  6:09  Infestation Pit  
  109  6:11  Overlord  
  109  6:14  Roach x6  
  109  6:17  Overlord  
  121  6:21  Overlord  
  121  6:23  Queen, Baneling Nest  
  121  6:24  Metabolic Boost  
  122  6:26  Overlord  
  122  6:29  Spore Crawler  
  122  6:32  Drone x2  
  122  6:33  Drone  
  122  6:35  Drone x4  
  122  6:36  Roach  
  122  6:37  Roach  
  131  6:41  Spore Crawler  
  131  6:42  Drone x3, Extractor  
  131  6:43  Extractor  
  131  6:44  Roach x4  
  139  6:48  Hive  
  139  6:50  Overlord  
  139  6:54  Overlord  
  139  6:56  Zergling x2  
  139  6:57  Zergling x8  
  144  7:03  Overlord  
  144  7:07  Overlord x3  
  144  7:08  Centrifugal Hooks  
  143  7:13  Zergling x10  
  146  7:20  Hatchery  
  146  7:21  Pneumatized Carapace  
  146  7:22  Overseer  
  145  7:24  Zergling x16  
  153  7:32  Drone  
  154  7:41  Hatchery  
  154  7:42  Overlord  
  153  7:45  Zergling x20  
  163  7:53  Baneling x7  
  163  7:54  Baneling, Zerg Melee Weapons Level 2, Zerg Ground Armor Level 2  
  163  7:55  Ravager x2  
  163  7:56  Ravager  
  166  8:00  Viper x2  
  172  8:08  Adrenal Glands  
  172  8:11  Drone x2  
  172  8:12  Drone x3  
  177  8:13  Zergling x2  
  177  8:14  Zergling x14  
  185  8:20  Zergling x6  
  185  8:27  Zergling x2  
  185  8:34  Ultralisk Cavern  
  185  8:35  Zergling x22  
  185  8:40  Burrow  
  195  8:45  Drone x2  
  196  8:52  Overseer, Overlord  
  196  8:57  Hatchery  
  196  8:58  Drone x3  
  193  9:10  Zergling x14  
  193  9:13  Baneling x10  
  199  9:22  Chitinous Plating  
  199  9:26  Zergling x6  
  200  9:46  Baneling x13  
  200  9:49  Baneling  
  200  9:50  Baneling x7  
  200  10:01  Zergling x4  
  190  10:16  Zergling x32  
  185  10:29  Zergling x36  
  183  10:36  Viper x2  
  183  10:38  Ultralisk x3  
  183  10:41  Anabolic Synthesis  
  197  10:45  Zergling x2  
  197  10:46  Zergling x10  
  197  10:47  Baneling x6, Overseer x2  
  199  10:55  Baneling x10  
  199  10:58  Spore Crawler  
  199  11:00  Hatchery  
  199  11:01  Drone x3  
  199  11:03  Spore Crawler  
  194  11:05  Zergling x2  
  194  11:06  Zergling x12  
  194  11:09  Baneling x9  
  194  11:10  Baneling x2  
  200  11:13  Hatchery  
  200  11:16  Zergling x2  
  200  11:17  Zergling x22  
  199  11:25  Zergling x24  
  199  11:30  Zergling x10  
  199  11:38  Zergling x2  
  199  11:39  Zergling x8  
  184  11:43  Ultralisk  
  184  11:47  Hatchery  
  181  11:49  Zergling x2, Ultralisk  
  181  11:50  Zergling x2, Ultralisk  
  181  11:53  Hatchery  
  193  12:00  Baneling  
  193  12:01  Baneling x12, Drone  
  190  12:02  Drone x2  
  190  12:03  Drone  
  190  12:04  Drone  
  190  12:09  Zerg Melee Weapons Level 3, Zerg Ground Armor Level 3  
  190  12:11  Zergling x10  
  191  12:16  Overseer  
  191  12:17  Overlord  
  191  12:18  Baneling x11  
  190  12:24  Zergling x10  
  190  12:25  Zergling x4  
  190  12:40  Drone  
  190  12:43  Drone x4  
  195  12:44  Drone x2  
  195  12:46  Drone  
  195  12:48  Baneling x15  
  198  12:55  Spire  
  198  12:56  Zergling x6  
  192  13:14  Zergling x16  
  192  13:15  Zergling x2  
  198  13:25  Infestor x2  
  184  13:30  Zergling x50  
  184  13:31  Zergling x8  
  184  13:33  Zergling x6  
  199  13:35  Baneling  
  199  13:36  Baneling x5  
  193  13:43  Infestor, Baneling x7  
  193  13:44  Zergling x2  
  193  13:45  Zergling x8  
  193  13:46  Extractor  
  193  13:47  Extractor  
  198  13:53  Extractor x2  
  198  13:54  Drone x2  
  200  14:13  Infestor  
  200  14:16  Infestor  
  199  14:26  Zergling x10  
  197  14:36  Zerg Flyer Weapons Level 1, Spore Crawler  
  196  14:40  Zergling x8  
  196  14:42  Baneling x8  
  200  14:46  Zerg Missile Weapons Level 1  
  172  14:56  Zergling x50  
  172  14:58  Zergling x8  
  170  15:00  Infestor  
  170  15:04  Ultralisk x6  
  170  15:06  Baneling x11  
  195  15:16  Baneling x5, Zergling x10  
  195  15:18  Baneling  
  195  15:19  Baneling x3  
  196  15:25  Zergling x16  
  192  15:28  Baneling  
  192  15:29  Baneling x2  
  192  15:31  Zergling x6, Ultralisk  
  192  15:39  Zergling x30  
  188  15:48  Overseer  
  188  15:49  Infestor, Viper  
  186  15:50  Viper  
  192  15:58  Hatchery, Overseer  
  192  15:59  Baneling  
  192  16:00  Baneling x20  
  192  16:02  Zergling x18  
  200  16:09  Spore Crawler  
  195  16:19  Zergling x10  
  195  16:20  Drone x20  
  196  16:30  Zerg Flyer Armor Level 1  
  196  16:33  Spore Crawler  
  196  16:34  Zergling x10  
  196  16:35  Infestor  
  199  16:46  Drone  
  197  16:52  Drone x2  
  199  16:59  Drone  
  200  17:03  Overlord x2  
  200  17:05  Overseer x2  
  181  17:45  Zergling x28  
  181  17:49  Zergling x10, Ultralisk x2  
  181  17:50  Zergling x24  
  180  17:58  Zergling x2  
  180  17:59  Zergling x10  
  180  18:01  Baneling x6  
  180  18:04  Baneling x7  
  183  18:08  Spore Crawler, Drone  
  183  18:09  Drone  
  183  18:10  Spore Crawler, Drone x2  
  183  18:11  Extractor  
  183  18:12  Baneling x2, Extractor  
  183  18:13  Baneling x13  
Tags
 
Add a new tag
Caveats
  • Supply blocks, unpowered buildings, or Contaminate may cause inaccurate times.
  • Supply counts are checked every 10 seconds.